 Dungeon Crawl Stone Soup version 0.16-a0-1218-g8731af7 (webtiles) character file.

3239 tedric the Transmogrifier (level 9, -16/47 HPs)
             Began as an Octopode Transmuter on Oct 12, 2014.
             Was a Believer of Makhleb.
             Killed from afar by a fire drake (19 damage)
             ... with a blast of flame
             ... on level 8 of the Dungeon.
             The game lasted 00:26:28 (4556 turns).

tedric the Transmogrifier (Octopode Transmuter)     Turns: 4556, Time: 00:26:28

Health: -16/47     AC:  1    Str:  9      XL:     9   Next: 99%
Magic:  9/13       EV: 16    Int: 16      God:    Makhleb [**....]
Gold:   195        SH:  0    Dex: 14 (15) Spells: 3 memorised, 3 levels left

rFire  . . .     SeeInvis .       - Unarmed
rCold  . . .     Clarity  .     (shield currently unavailable)
rNeg   . . .     SustAb   .     (helmet restricted)
rPois  +         Gourm    .     v - amulet of faith
rElec  .         Spirit   .     j - ring of poison resistance
rCorr  .         Warding  .     (no ring)
rMut   .         Stasis   .     (no ring)
MR     .....                    (no ring)
Stlth  ++........               (no ring)
                                (no ring)
                                (no ring)
                                (no ring)

@: blade tentacles, not resistant to hostile enchantments, unstealthy
A: almost no armour, amphibious, 8 rings, constrict 8, camouflage 1, frail 1,
low mp 1, gelatinous body 1
a: End Transformation, Minor Destruction, Renounce Religion


You were on level 8 of the Dungeon.
You worshipped Makhleb.
Makhleb was pleased with you.
You were full.
You had blades for tentacles.
You visited 2 branches of the dungeon, and saw 10 of its levels.

You collected 255 gold pieces.
You spent 60 gold pieces at shops.

Inventory:

Hand weapons
 b - a +0 blowgun
Missiles
 r - 3 curare-tipped needles
 w - 2 throwing nets (quivered)
 B - 4 tomahawks
Jewellery
 f - an uncursed amulet of clarity
 h - an uncursed amulet of the gourmand
 j - a ring of poison resistance (left scythe-like blade)
 v - an amulet of faith (around mantle)
Magical devices
 o - a wand of frost (11)
Scrolls
 e - a scroll of immolation
 g - 6 scrolls of remove curse
 k - 3 scrolls of teleportation
 m - a scroll of noise
 p - 2 scrolls of recharging
 s - 2 scrolls of enchant weapon
 y - a scroll of random uselessness {unknown}
 A - a scroll of torment {unknown}
 C - a scroll of enchant armour {unknown}
Potions
 c - a potion of poison {unknown}
 n - 2 potions of curing
 q - 2 potions of heal wounds
 t - a potion of haste
 u - 2 potions of lignification
 x - 3 potions of brilliance
 z - a potion of flight {unknown}
Books
 d - a book of Changes

   Spells                             Type                      Level
   *Beastly Appendage                 Transmutation                1
   Sticks to Snakes                   Transmutation                2
   *Spider Form                       Transmutation/Poison         3
   Ice Form                           Ice/Transmutation            4
   *Blade Hands                       Transmutation                5
 l - a book of Party Tricks

   Spells                             Type                      Level
   Summon Butterflies                 Summoning                    1
   Apportation                        Translocation                1
   Blink                              Translocation                2
   Tukima's Dance                     Hexes                        3
   Alistair's Intoxication            Transmutation/Poison         4
Comestibles
 a - 6 bread rations
 i - a meat ration


   Skills:
 - Level 1.1 Fighting
 * Level 7.4 Dodging
 * Level 7.9 Unarmed Combat
 - Level 2.4 Spellcasting
 - Level 11.1 Transmutations


You had 3 spell levels left.
You knew the following spells:

 Your Spells              Type           Power        Failure   Level  Hunger
a - Beastly Appendage     Trmt           #####.       10%         1    #......
b - Spider Form           Trmt/Pois      ###.......   41%         3    ####...
d - Blade Hands           Trmt           #####.....   41%         5    ######.


Dungeon Overview and Level Annotations

Branches:
Dungeon (9/15)             Temple (1/1) D:6            Lair (0/8) D:8
    Orc: D:9-12

Altars:
Ashenzari
Elyvilon
Gozag
Kikubaaqudgha
Makhleb
Okawaru
Qazlal
Sif Muna
Trog
Yredelemnul
The Shining One

Shops:
D:4 :*=


Innate Abilities, Weirdness & Mutations

You cannot wear most types of armour.
You are amphibious.
You can wear up to eight rings at the same time.
You can use your tentacles to constrict many enemies at once.
Your skin changes colour to match your surroundings (Stealth).
Your rubbery body absorbs attacks (AC +1).
You are frail (-10% HP).
Your magical capacity is low (-10% MP).


Message History

Confirm with . or Enter, or press ? or * to list all spells.
Your tentacles turn into razor-sharp scythe blades.
The fire drake bites you.
Found 7 gold pieces.
You hit the fire drake. Your thwack misses the fire drake.
The fire drake is lightly wounded.
The fire drake bites you.
You slash the fire drake!
The fire drake is heavily wounded.
The fire drake bites you!
* * * LOW HITPOINT WARNING * * *
You barely miss the fire drake. Your squeeze misses the fire drake.
The fire drake is heavily wounded.
The fire drake bites you!
* * * LOW HITPOINT WARNING * * *
You slash the fire drake!
The fire drake is almost dead.
The fire drake breathes flames at you. The blast of flame hits you!
You die...

#..........##.
#..........###
#########..........# #
#...............)..# # #
#..................# #
$.+..................#
.....................###
.≈≈≈≈...............[.##.
≈.≈≈≈≈..@...########.###.
≈≈..≈≈≈.k.!.# #.# #.
≈.>.§≈.....# #.# #.
≈≈.≈≈≈%....# #.# #.
≈≈≈≈≈......# #.# #.
≈.≈≈..##### #.# #. .....
#.# #. #### #.# #. #.# #.


You could see a fire drake.

Vanquished Creatures
  Pikel (D:4)
  The ghost of tedric the Fighter, an average OpTm (D:3)
  Grinder (D:6)
  A hungry ghost (D:8)
  A deep elf fighter (D:6)
  2 phantoms
  A sky beast (D:6)
  2 orc warriors (D:8)
  An ice beast (D:8)
  An ogre (D:7)
  A big kobold (D:8)
  4 giant frogs
  4 wights (D:7)
  2 goliath beetles
  6 crimson imps
  4 orc priests
  A quasit (D:6)
  A centaur skeleton (D:5)
  A hound (D:5)
  2 iguanas
  4 orc wizards
  3 worker ants (D:5)
  8 gnolls
  6 adders
  An adder skeleton (D:8)
  4 giant geckos
  28 orcs
  7 bats
  A giant cockroach (D:3)
  4 hobgoblins (D:5)
  3 jackals (D:5)
  2 quokkas
  A giant newt (D:1)
  7 goblins
  A goblin skeleton (D:4)
  10 kobolds
  2 rats
  A toadstool (D:1)
131 creatures vanquished.

Vanquished Creatures (others)
  A wizard (D:3)
  A centaur skeleton (D:4)
  3 toadstools (D:1)
5 creatures vanquished.

Grand Total: 136 creatures vanquished

Notes
Turn   | Place    | Note
--------------------------------------------------------------
     0 | D:1      | tedric, the Octopode Transmuter, began the quest for the Orb.
     0 | D:1      | Reached XP level 1. HP: 13/13 MP: 3/3
   354 | D:3      | Reached XP level 2. HP: 18/18 MP: 5/5
   401 | D:4      | Noticed a phantom
   444 | D:3      | Found a basalt altar of Yredelemnul.
   504 | D:3      | Found a bloodstained altar of Trog.
   504 | D:3      | Noticed a wizard
   511 | D:3      | Killed a wizard
   555 | D:3      | Reached XP level 3. HP: 15/23 MP: 6/6
   735 | D:5      | Entered Level 5 of the Dungeon
   759 | D:5      | Reached skill level 4 in Transmutations
   819 | D:5      | Reached XP level 4. HP: 8/28 MP: 6/8
   828 | D:5      | Reached skill level 5 in Transmutations
   829 | D:5      | Gained mutation: You are frail (-10% HP). [potion of mutation]
   829 | D:5      | Gained mutation: Your magical capacity is low (-10% MP). [potion of mutation]
   838 | D:5      | HP: 1/25 [poisoned by an adder]
   844 | D:5      | HP: 1/25 [poisoned by an adder]
   947 | D:5      | Reached XP level 5. HP: 19/29 MP: 8/8
   990 | D:5      | Reached skill level 6 in Transmutations
  1025 | D:5      | Learned a level 5 spell: Blade Hands
  1209 | D:5      | Reached XP level 6. HP: 24/34 MP: 7/9
  1271 | D:6      | Reached skill level 7 in Transmutations
  1491 | D:6      | Reached skill level 8 in Transmutations
  1491 | D:6      | Reached XP level 7. HP: 6/38 MP: 4/10
  1652 | D:6      | Learned a level 3 spell: Spider Form
  1686 | D:7      | Reached skill level 9 in Transmutations
  1957 | D:5      | Noticed a phantom
  1998 | D:5      | Killed a phantom
  1998 | D:5      | Reached XP level 8. HP: 16/43 MP: 7/12
  2054 | D:4      | Found Odotaw's Jewellery Emporium.
  2130 | D:4      | Reached skill level 10 in Transmutations
  2182 | D:4      | Killed a phantom
  2186 | D:4      | Found Ghucvu Follo's General Store.
  2186 | D:4      | Noticed Pikel
  2186 | D:4      | Noticed a slave
  2195 | D:3      | Noticed tedric's ghost (average OpTm)
  2205 | D:3      | Killed tedric's ghost
  2205 | D:3      | Reached skill level 11 in Transmutations
  2376 | D:4      | Found Skas Atz's Book Boutique.
  2393 | D:4      | Noticed a slave
  2701 | D:4      | Noticed a slave
  2702 | D:4      | Noticed a slave
  2709 | D:4      | Killed Pikel
  2709 | D:4      | Reached skill level 5 in Unarmed Combat
  2709 | D:4      | Reached XP level 9. HP: 20/47 MP: 9/13
  2726 | D:4      | Bought a potion of heal wounds for 36 gold pieces
  2726 | D:4      | Bought a scroll of identify for 24 gold pieces
  2959 | D:6      | Noticed Grinder
  2990 | D:6      | Killed Grinder
  2990 | D:6      | Reached skill level 5 in Dodging
  3049 | D:6      | Found a staircase to the Ecumenical Temple.
  3055 | Temple   | Entered the Ecumenical Temple
  3059 | Temple   | Became a worshipper of Makhleb the Destroyer
  3310 | D:6      | Noticed a deep elf fighter
  3335 | D:6      | Killed a deep elf fighter
  3750 | D:7      | Acquired Makhleb's first power
  3903 | D:7      | Found a shattered altar of Ashenzari.
  4145 | D:8      | Acquired Makhleb's second power
  4209 | D:9      | Noticed a hill giant
  4546 | D:8      | Found a staircase to the Lair.
  4547 | D:8      | Noticed a fire drake
  4556 | D:8      | Killed from afar by a fire drake

Action                   |  1- 3 |  4- 6 |  7- 9 || total
-------------------------+-------+-------+-------++-------
Melee: Unarmed           |    44 |    85 |   232 ||   361
 Fire: Blowgun           |       |       |     3 ||     3
 Cast: Beastly Appendage |     4 |     4 |       ||     8
       Blade Hands       |       |     2 |    19 ||    21
       Spider Form       |       |       |     3 ||     3
 Abil: End Transformatio |       |       |     1 ||     1
  Use: Potion            |       |     2 |     2 ||     4
       Scroll            |       |     4 |     5 ||     9
 Stab: Sleeping          |     2 |     1 |     3 ||     6
  Eat: Chunk             |     3 |     4 |     9 ||    16
       Beef jerky        |     1 |       |     8 ||     9
       Fruit             |       |       |     4 ||     4
